 Dungeon Sprint DCSS version 0.32-a0-875-g23b751d0ae (webtiles) character file.

Game seed: 13825644329816450201

10698 Conn the Genius of the Arcane (level 11, -19/78 HPs)
             Began as an Octopode Fire Elementalist on Mar 31, 2024.
             Was the Champion of Sif Muna.
             Demolished by a phantasmal warrior (29 damage)
             ... in the Dungeon (Sprint VII: "The Pits").
             The game lasted 00:27:33 (3330 turns).

Conn the Genius of the Arcane (OpFE)                Turns: 3330, Time: 00:27:36

Health: -19/78     AC: -3    Str: 10    XL:     11   Next: 66%
Magic:  7/25       EV: 15    Int: 26    God:    Sif Muna [******]
Gold:   18         SH:  0    Dex: 12    Spells: 3/31 levels left

rFire   + + .        q - +2 scimitar "Killer Bee's Curse" {pain, *Corrode rF++}
rCold   . . .        (no shield)
rNeg    . . .        (helmet restricted)
rPois   .            (no amulet)
rElec   .            d - +3 ring of strength
rCorr   .            k - +3 ring of intelligence
SInv    .            (no ring)
Will    .....        (no ring)
Stlth   ++++         (no ring)
HPRegen 0.33/turn    (no ring)
MPRegen 0.19/turn    (no ring)
                     (no ring)

%: no teleportation, corrode self (3%)
@: weak-willed, corroded
A: almost no armour, amphibious, 8 rings, camouflage 1, gelatinous body 1,
(nimble swimmer 1), tentacles
a: Renounce Religion, Channel Magic, Forget Spell, Divine Exegesis


You were in the Dungeon.
You worshipped Sif Muna.
Sif Muna was exalted by your worship.
You visited 1 branch You collected 18 gold pieces.

Inventory:

Hand Weapons
 g - a +2 falchion
 l - a +1 quarterstaff of protection
 q - the +2 scimitar "Killer Bee's Curse" (weapon) {pain, *Corrode rF++}
   (You found it in the Dungeon)

   rF++:      It greatly protects you from fire.
   *Corrode:  It may corrode you when you take damage.
Jewellery
 d - a +3 ring of strength (left tentacle)
 k - a +3 ring of intelligence (right tentacle)
Wands
 r - a wand of flame (12)
Scrolls
 i - 2 scrolls of vulnerability
 j - 4 scrolls of amnesia
Potions
 a - 5 potions of magic
 b - 7 potions of curing
 c - a potion of heal wounds
 e - 3 potions of berserk rage
 n - a potion of resistance
 o - a potion of brilliance
 p - a potion of mutation


   Skills:
 + Level 8.4 Fighting
 + Level 5.6 Long Blades
 + Level 9.0 Dodging
 - Level 6.0 Stealth
 * Level 10.8 Spellcasting
 * Level 11.4 Conjurations
 + Level 7.4 Hexes
 + Level 9.1 Fire Magic
 + Level 5.6 Ice Magic
 + Level 7.9 Air Magic
 * Level 7.2 Earth Magic
 + Level 2.6 Alchemy
 + Level 11.5 Invocations


You had 3 spell levels left.
You knew the following spells:

 Your Spells              Type           Power      Damage    Failure   Level
a - Foxfire               Conj/Fire      100%       2x1d9     1%          1
b - Scorch                Fire           100%       2d9       1%          2
c - Inner Flame           Hex/Fire       54%        N/A       1%          3
d - Flame Wave            Conj/Fire      61%        2d14      1%          4
e - Metabolic Englaciati  Hex/Ice        24%        N/A       8%          5
f - Bombard               Conj/Erth      29%        9d5       14%         6
g - Mephitic Cloud        Conj/Alch/Air  51%        N/A       1%          3
h - Brom's Barrelling Bo  Conj/Erth      58%        2d7       1%          4

Your spell library contained the following spells:

 Spells                   Type           Power      Damage    Failure   Level
 Magic Dart               Conj           100%       1d8       1%          1
 Slow                     Hex            100%       N/A       1%          1
 Sting                    Conj/Alch      100%       1d9       1%          1
 Jinxbite                 Hex            100%       N/A       1%          2
 Searing Ray              Conj           100%       2d8       1%          2
 Static Discharge         Conj/Air       100%       3-8/arc   1%          2
 Confusing Touch          Hex            51%        N/A       1%          3
 Dazzling Flash           Conj/Hex       100%       N/A       1%          3
 Hailstorm                Conj/Ice       55%        3d11      1%          3
 Sigil of Binding         Hex            51%        N/A       1%          3
 Stone Arrow              Conj/Erth      100%       3d13      1%          3
 Volatile Blastmotes      Fire/Tloc      74%        2d16      1%          3
 Necrotise                Necr           56%        1d6       4%          1
 Sublimation of Blood     Necr           14%        N/A       6%          2
 Teleport Other           Tloc           14%        N/A       13%         3
 Cause Fear               Hex            25%        N/A       1%          4
 Fulminant Prism          Conj/Alch      25%        3d14      2%          4
 Arcjolt                  Conj/Air       29%        1d39      2%          5
 Freezing Cloud           Conj/Ice/Air   27%        6-21      3%          5
 Silence                  Hex/Air        26%        N/A       4%          5
 Summon Lightning Spire   Summ/Air       34%        N/A       9%          4
 Vhi's Electric Charge    Tloc/Air       68%        N/A       9%          4
 Anguish                  Hex/Necr       16%        N/A       10%         4
 Dimensional Bullseye     Hex/Tloc       16%        N/A       10%         4
 Conjure Ball Lightning   Conj/Air       29%        3x3d8     12%         6
 Yara's Violent Unravell  Hex/Alch       20%        3d9       14%         5
 Plasma Beam              Fire/Air       27%        2x1d40    19%         6
 Borgnjor's Vile Clutch   Necr/Erth      16%        N/A       26%         5
 Martyr's Knell           Necr/Summ      14%        N/A       38%         4
 Permafrost Eruption      Ice/Erth       23%        2x4d6     41%         6
 Lehudib's Crystal Spear  Conj/Erth      29%        10d8      99%         8
 Malign Gateway           Summ/Tloc      7%         N/A       100%        7
 Animate Armour           Summ/Erth      Unusable   N/A       N/A         4

Dungeon Overview and Level Annotations

Branches:
Dungeon (1/1)

Altars:
Ashenzari
Cheibriados
Dithmenos
Elyvilon
Fedhas
Gozag
Hepliaklqana
Kikubaaqudgha
Makhleb
Nemelex Xobeh
Okawaru
Qazlal
Ru
Sif Muna
Trog
Uskayaw
Vehumet
Wu Jian
Xom
Yredelemnul
Zin
The Shining One
Beogh
Jiyva
Lugonu


Innate Abilities, Weirdness & Mutations

You cannot wear most types of armour.
You are amphibious.
You can wear up to eight rings at the same time.
Your skin changes colour to match your surroundings (Stealth+).
Your rubbery body absorbs attacks. (AC +1, EV +1)
((You are camouflaged when in or above water. (Stealth+)))
You have tentacles for arms and can constrict up to eight enemies at once.


Message History

The smoke demon is severely wounded.
The phantasmal warrior hits you!!
* * * LOW HITPOINT WARNING * * *
The smoke demon closely misses you. The smoke demon barely misses you.
The smoke demon misses you.
Casting: Flame Wave (mildly dangerous; 1% risk of failure)
Confirm with . or Enter, or press ? or * to list all spells.
Okay, then.
Unknown command.
Okay, then.
Unknown command.
Unknown command.
You feel much better.
The smoke demon is no longer more vulnerable to fire.
The phantasmal warrior misses you. The smoke demon gestures at you.
The pyre arrow misses you.
The pyre arrow hits the phantasmal warrior.
Casting: Flame Wave (mildly dangerous; 1% risk of failure)
Confirm with . or Enter, or press ? or * to list all spells.
Casting: Flame Wave (mildly dangerous; 1% risk of failure)
Press: ? - help, Dir - look around, f - activate A wave of flame ripples out!
The flame wave engulfs the phantasmal warrior!!
The phantasmal warrior is almost destroyed.
The flame wave engulfs the smoke demon.
The smoke demon resists.
The smoke demon is severely wounded. (Press . to intensify the flame waves.)
The phantasmal warrior barely misses you.
The smoke demon hits you!
* * * LOW HITPOINT WARNING * * *
The smoke demon barely misses you. The smoke demon hits you.
* * * LOW HITPOINT WARNING * * *
A wave of flame ripples out!
The flame wave engulfs the phantasmal warrior but does no damage.
The phantasmal warrior is almost destroyed.
The flame wave engulfs the smoke demon.
The smoke demon resists.
The smoke demon is almost dead.
The phantasmal warrior hits you!!
You die...

##### ##########
..).###...##....##
##...#...# ......#
.##.....####....####
..##...##..##..##..##
#..'...#............#
#.รท#...#....#..#....##+#
').'...'.......W@3.....#
#..#...#....#..#....##+#
#..)...#............#
..##...##..##..##..##
.##.....####....####
##...#...##......#
....###...##....## #####
###########


You could see a phantasmal warrior and a smoke demon.

Vanquished Creatures
  A two-headed ogre (D)
  A boulder beetle (D)
  An occultist (D)
  An orc high priest (D)
  Sonja (D)
  A shadow wraith (D)
  A lindwurm (D)
  An orc knight (D)
  2 deep elf zephyrmancers (D)
  Maurice (D)
  A rime drake (D)
  A freezing wraith (D)
  A tyrant leech (D)
  3 trolls (D)
  2 glass eyes (D)
  An air elemental (D)
  2 shadows (D)
  A spriggan (D)
  A ynoxinul (D)
  A steam dragon (D)
  A warg (D)
  5 redbacks (D)
  5 orc warriors (D)
  An ice beast (D)
  A centaur (D)
  A scorpion (D)
  8 wights (D)
  6 killer bees (D)
  A quasit (D)
  An orc priest (D)
  A hound (D)
  An iron imp (D)
  An iguana (D)
  4 orc wizards (D)
  An adder (D)
  2 ufetubi (D)
  An adder skeleton (D)
  A dart slug (D)
  10 orcs (D)
  A goblin (D)
  A hobgoblin (D)
  6 jackals (D)
  A quokka (D)
  A ball python (D)
  A ball python skeleton (D)
  A bat (D)
  A giant cockroach simulacrum (D)
  A kobold (D)
  2 rats (D)
93 creatures vanquished.

Vanquished Creatures (collateral kills)
  A foxfire (D)
1 creature vanquished.

Vanquished Creatures (others)
  A tarantella (D)
  150 foxfires (D)
151 creatures vanquished.

Grand Total: 245 creatures vanquished

Notes
Turn   | Place    | Note
-------+----------+-------------------------------------------
     0 | D        | Conn the Octopode Fire Elementalist began the quest for the
                  | Orb.
     0 | D        | Reached XP level 1. HP: 11/11 MP: 3/3
    19 | D        | Found a bloodstained altar of Trog.
    19 | D        | Found a shimmering blue altar of Sif Muna.
    19 | D        | Found a viscous altar of Jiyva.
    19 | D        | Found a hazy altar of Hepliaklqana.
    19 | D        | Found an opulent altar of Gozag.
    48 | D        | Found a glowing golden altar of the Shining One.
    48 | D        | Found a glowing silver altar of Zin.
    48 | D        | Found a basalt altar of Yredelemnul.
    48 | D        | Found a shimmering altar of Xom.
    48 | D        | Found an ornate altar of the Wu Jian Council.
    48 | D        | Found a sacrificial altar of Ru.
    48 | D        | Found a stormy altar of Qazlal.
    48 | D        | Found an iron altar of Okawaru.
    48 | D        | Found a sparkling altar of Nemelex Xobeh.
    48 | D        | Found a burning altar of Makhleb.
    48 | D        | Found a blossoming altar of Fedhas.
    48 | D        | Found a white marble altar of Elyvilon.
    48 | D        | Found a shadowy altar of Dithmenos.
    48 | D        | Found a snail-covered altar of Cheibriados.
    49 | D        | Found a radiant altar of Vehumet.
    49 | D        | Found a corrupted altar of Lugonu.
    49 | D        | Found a roughly hewn altar of Beogh.
    50 | D        | Found an ancient bone altar of Kikubaaqudgha.
    50 | D        | Found a hide-covered altar of Uskayaw.
    50 | D        | Found a broken altar of Ashenzari.
    51 | D        | Became a worshipper of Sif Muna the Loreminder
    66 | D        | Reached XP level 2. HP: 18/18 MP: 3/5
    68 | D        | Reached skill level 1 in Invocations
    72 | D        | Learned a level 2 spell: Scorch
    89 | D        | Noticed a glass eye
    95 | D        | Killed a glass eye
    95 | D        | Reached * piety under Sif Muna
    96 | D        | Reached skill level 5 in Stealth
    96 | D        | Reached skill level 5 in Spellcasting
    96 | D        | Reached skill level 5 in Fire Magic
    96 | D        | Reached skill level 5 in Invocations
    96 | D        | Reached XP level 3. HP: 26/26 MP: 5/9
    96 | D        | Reached XP level 4. HP: 31/31 MP: 6/11
    96 | D        | Reached XP level 5. HP: 36/36 MP: 6/12
   105 | D        | Learned a level 3 spell: Inner Flame
   110 | D        | Learned a level 4 spell: Flame Wave
   180 | D        | Reached ** piety under Sif Muna
   241 | D        | Noticed a warg
   243 | D        | Reached *** piety under Sif Muna
   244 | D        | Reached skill level 5 in Conjurations
   244 | D        | Noticed an orc warrior
   244 | D        | Killed a warg
   245 | D        | Reached skill level 5 in Dodging
   245 | D        | Reached skill level 1 in Hexes
   245 | D        | Reached XP level 6. HP: 43/43 MP: 5/14
   261 | D        | Reached **** piety under Sif Muna
   262 | D        | Reached XP level 7. HP: 45/49 MP: 5/16
   263 | D        | Reached ***** piety under Sif Muna
   263 | D        | Received a gift from Sif Muna
   266 | D        | Got Sif Muna's Anthology of Last Rites and Blasts {god
                  | gift}
   353 | D        | Learned a level 5 spell: Freezing Cloud
   391 | D        | Noticed a ynoxinul
   395 | D        | Killed a ynoxinul
   396 | D        | Reached skill level 5 in Fighting
   396 | D        | Reached skill level 1 in Ice Magic
   396 | D        | Reached skill level 1 in Air Magic
   396 | D        | Reached XP level 8. HP: 20/55 MP: 13/18
   618 | D        | Noticed Sonja
   633 | D        | Received a gift from Sif Muna
   647 | D        | Got Otyduzet's Enchiridion on the Maleficium {god gift}
   656 | D        | Killed Sonja
   657 | D        | Reached XP level 9. HP: 24/62 MP: 14/21
   707 | D        | Got the +2 scimitar "Killer Bee's Curse" {pain, *Corrode
                  | rF++}
   774 | D        | Noticed a freezing wraith
   792 | D        | Killed a freezing wraith
   792 | D        | Received a gift from Sif Muna
   902 | D        | Got Sif Muna's Tome of the Brilliant Evil Eye {god gift}
   913 | D        | Noticed a deep elf zephyrmancer
   917 | D        | Reached skill level 1 in Long Blades
   918 | D        | Killed a deep elf zephyrmancer
   919 | D        | Reached skill level 5 in Hexes
   919 | D        | Reached skill level 5 in Ice Magic
   919 | D        | Reached skill level 5 in Air Magic
   991 | D        | Noticed Maurice
   999 | D        | Reached skill level 10 in Invocations
  1008 | D        | Killed Maurice
  1009 | D        | Reached XP level 10. HP: 68/69 MP: 10/23
  1068 | D        | Learned a level 6 spell: Bombard
  1073 | D        | Reached ****** piety under Sif Muna
  1075 | D        | Reached skill level 1 in Earth Magic
  1166 | D        | Noticed an occultist
  1179 | D        | Received a gift from Sif Muna
  1180 | D        | Got Sif Muna's Vellum of the Amorphous Door {god gift}
  1181 | D        | Noticed a boulder beetle
  1185 | D        | Killed an occultist
  1362 | D        | Noticed a lindwurm
  1371 | D        | Killed a lindwurm
  1372 | D        | Received a gift from Sif Muna
  1374 | D        | Noticed an orc knight
  1511 | D        | Learned a level 3 spell: Mephitic Cloud
  1526 | D        | Received a gift from Sif Muna
  1527 | D        | Got Sif Muna's Codex of Malediction and Tephra {god gift}
  1539 | D        | Killed an orc knight
  1540 | D        | Reached skill level 10 in Conjurations
  1638 | D        | Learned a level 4 spell: Brom's Barrelling Boulder
  1645 | D        | Reached skill level 5 in Earth Magic
  1666 | D        | Reached XP level 11. HP: 27/76 MP: 9/24
  1675 | D        | HP: 3/76 [poisoned by a redback]
  1678 | D        | HP: 1/76 [poisoned by a redback]
  1942 | D        | HP: 1/76 [boulder beetle (14)]
  1958 | D        | Killed a boulder beetle
  1958 | D        | Received a gift from Sif Muna
  1959 | D        | Reached skill level 10 in Spellcasting
  1959 | D        | Got Sif Muna's Codex of Turbulent Azoth {god gift}
  2181 | D        | Learned a level 5 spell: Metabolic Englaciation
  2293 | D        | Noticed an orc high priest
  2296 | D        | Noticed a sun demon
  2531 | D        | Killed a shadow wraith
  2532 | D        | Reached skill level 5 in Long Blades
  2532 | D        | Reached skill level 1 in Alchemy
  2720 | D        | Noticed a two-headed ogre
  2721 | D        | Paralysed by an air elemental for 1 turns
  2733 | D        | Killed a two-headed ogre
  2734 | D        | Received a gift from Sif Muna
  2820 | D        | Killed an orc high priest
  3101 | D        | Noticed a deep elf zephyrmancer
  3122 | D        | Killed a deep elf zephyrmancer
  3122 | D        | Received a gift from Sif Muna
  3123 | D        | Got Ceoss's Omnibus of the Welkin and the Discharge {god
                  | gift}
  3318 | D        | Noticed a phantasmal warrior
  3330 | D        | Demolished by a phantasmal warrior

Illustrated notes

Levels and vault maps discovered:
D:        pitsprint [storerooms_1, entrance_room_1, metal_vault_6, armoury_2,
          mini_pit_1, grid_room_1, main_hall_1, silver_pit, the_coven_3,
          the_vestibule_1, steel_vault_5, golden_pit, hallway_of_sentries,
          crystal_vault_2, iron_vault_4, final_vault]

Skill      XL: |  1  2  3  4  5  6  7  8  9 10 11 |
---------------+----------------------------------+-----
Stealth        | 3 5 6 |  6.0
Fire Magic     | 4 5 6 7 8 9 |  9.1
Invocations    | 5 6 7 9 10 11 | 11.5
Fighting       | 3 4 5 6 7 8 |  8.4
Dodging        | 4 5 6 7 8 9 |  9.0
Spellcasting   | 5 6 7 8 9 10 | 10.8
Conjurations   | 4 5 6 7 8 9 10 11 | 11.4
Hexes          | 1 2 3 4 5 6 7 |  7.4
Ice Magic      | 1 4 5 |  5.6
Air Magic      | 1 4 6 7 |  7.9
Long Blades    | 2 4 5 |  5.6
Earth Magic    | 5 7 |  7.2
Alchemy        | 2 |  2.6

Action                     |  1- 3 |  4- 6 |  7- 9 | 10-12 || total
---------------------------+-------+-------+-------+-------++-------
  Melee: Falchion          |     8 |     1 |       |       ||     9
         Tentacles         |     4 |       |     3 |     6 ||    13
         Constrict         |     2 |       |     2 |     4 ||     8
         Quarterstaff      |       |       |     6 |       ||     6
         Scimitar          |       |       |     3 |    17 ||    20
   Cast: Foxfire           |     3 |     8 |    20 |    64 ||    95
         Scorch            |       |     5 |    11 |    26 ||    42
         Inner Flame       |       |     4 |    15 |    17 ||    36
         Flame Wave        |       |     1 |     5 |    15 ||    21
         Freezing Cloud    |       |       |       |     7 ||     7
         Mephitic Cloud    |       |       |       |     3 ||     3
         Metabolic Englaci |       |       |       |     2 ||     2
         Brom's Barrelling |       |       |       |     2 ||     2
         Bombard           |       |       |       |     1 ||     1
 Invoke: Channel Magic     |       |     1 |     2 |     2 ||     5
    Use: Potion            |       |       |     4 |     9 ||    13
         Scroll            |       |       |     1 |     2 ||     3
   Stab: Sleeping          |     2 |       |     1 |       ||     3
 Armour: Skin              |       |     2 |    22 |    57 ||    81
  Dodge: Dodged            |       |     6 |    23 |    32 ||    61

Table legend: (Time is in decaauts)
 A = Elapsed time spent in this place.
 B = Non-inter-level travel time spent in this place.
 C = Inter-level travel time spent in this place.
 D = Time resting spent in this place.
 E = Time spent auto-exploring this place.
 F = Levels seen in this place.
 G = Mean time per level.
                   A        B        C        D        E       F      G
               +--------+--------+--------+--------+--------+-----+--------+
         Total |   3368 |   3368 |      0 |   2189 |      0 |   1 | 3368.0 |
       Dungeon |   3368 |   3368 |      0 |   2189 |      0 |   1 | 3368.0 |
               +--------+--------+--------+--------+--------+-----+--------+

Top non-repeatable levels by time:
       D: 3368 daAuts
